 Dungeon Crawl Stone Soup version 0.29.1-2-gbd0b4ee654 (webtiles) character file.

Game seed: 4139292592895403423

121 zeram the Sneak (level 5, 0/32 HPs)
             Began as a Kobold Brigand on Nov 30, 2022.
             Succumbed to a kobold's poison
             ... on level 4 of the Dungeon.
             The game lasted 00:05:51 (3487 turns).

zeram the Sneak (Kobold Brigand)                    Turns: 3487, Time: 00:05:52

Health: 0/32       AC:  4    Str:  9    XL:     5   Next: 26%
Magic:  5/5        EV: 14    Int: 14    God:
Gold:   49         SH:  4    Dex: 16    Spells: 4/4 levels left

rFire   . . .      SeeInvis .   a - +2 dagger
rCold   . . .      Faith    .   f - +0 buckler
rNeg    . . .      Spirit   .   b - +0 robe
rPois   .          Reflect  .   (no helmet)
rElec   .          Harm     .   c - +1 cloak
rCorr   .          Rampage  .   (no gloves)
Will    .....                   (no boots)
Stlth   +++++.....              (no amulet)
HPRegen 0.10/turn               (no ring)
MPRegen 0.09/turn               (no ring)

@: lethally poisoned (0 -> -1)
A: small, no large weapons, nightstalker 3
a: no special abilities


You were on level 4 of the Dungeon.
You visited 1 branch of the dungeon, and saw 4 of its levels.

You collected 49 gold pieces.

Inventory:

Hand Weapons
 a - a +2 dagger (weapon)
Missiles
 d - 14 poisoned darts (quivered)
 e - 3 curare-tipped darts
Armour
 b - a +0 robe (worn)
 c - a +1 cloak (worn)
 f - a +0 buckler (worn)
Scrolls
 i - a scroll of identify
 m - a scroll of fear
Potions
 g - a potion of haste
 h - 2 potions of curing
 j - 2 potions of magic
 k - a potion of brilliance
 n - a potion of invisibility {unknown}
 p - 2 potions of flight
 q - a potion of attraction {unknown}
 r - a potion of mutation {unknown}


   Skills:
 + Level 3.0 Fighting
 + Level 3.8 Short Blades
 - Level 2.1 Throwing
 + Level 2.2 Dodging
 + Level 7.1 Stealth
 + Level 0.2 Shields


You had 4 spell levels left.
You didn't know any spells.
Your spell library contained the following spells:

 Spells                   Type           Power      Damage    Failure   Level
 Blink                    Tloc           0%         N/A       56%         2
 Lesser Beckoning         Tloc           0%         N/A       80%         3
 Manifold Assault         Tloc           0%         N/A       100%        5


Dungeon Overview and Level Annotations

Branches:
Dungeon (4/15)
 Temple: D:4-7

Altars:
Ashenzari
Sif Muna

Annotations:
D:4 gdog's ghost, weakling GnDe


Innate Abilities, Weirdness & Mutations

You are small and have problems with some larger weapons.
You are completely attuned to the shadows.


Message History

You are poisoned.
You feel very sick. The ball python closely misses you.
The ball python grabs you. The ball python constricts you.
The kobold hits you but does no damage. Gdog's ghost hits you.
You escape the ball python's grasp.
The kobold attacks as you move away! The kobold hits you but does no damage.
You feel very sick. The ball python misses you.
The ball python barely misses you.
The orc wizard points at you and mumbles some strange words.
You resist with some effort.
* * * LOW HITPOINT WARNING * * *
You feel sick.
The orc wizard attacks as you move away!
The orc wizard hits you with a +0 dagger.
* * * LOW HITPOINT WARNING * * *
The ball python attacks as you move away!
The ball python barely misses you. x2
* * * LOW HITPOINT WARNING * * *
You feel sick.
The ball python attacks as you move away!
The ball python bites you but does no damage.
The ball python closely misses you.
* * * LOW HITPOINT WARNING * * *
You feel sick. You block the ball python's attack.
The ball python closely misses you.
* * * LOW HITPOINT WARNING * * *
You feel sick.
Unknown command.
The ball python attacks as you move away!
The ball python barely misses you. The ball python misses you.
Gdog's ghost attacks as you move away!
Gdog's ghost hits you but does no damage.
* * * LOW HITPOINT WARNING * * *
You feel sick.
* * * LOW HITPOINT WARNING * * *
You feel sick.
The ball python attacks as you move away!
The ball python misses you.
You die...

.####..#.!.....'....#
.......#.(###..'....#
.......#..###..#....#
.#.#...#...g...#o.#.#
...#...#########K...#
.#................###
.#.#............SW#
.#.#.##)###..#.#..#####
...#....#..#####@.....#
.###.#...###...######.#
# #.>##.......## #.#
####.........###.###
#....≈≈≈....##...#
####...≈≈≈≈≈...####.#
#.....≈≈...≈≈.....#.#
#._...≈≈.>.≈≈.......#
#.....≈≈o..≈≈.....###


You could see gdog's ghost, a ball python and a kobold.

Vanquished Creatures
  A jelly (D:3)
  An adder (D:2)
  2 worms
  6 orcs
  8 endoplasms
  A giant cockroach (D:1)
  4 goblins
  2 hobgoblins
  8 jackals (D:2)
  A quokka (D:3)
  10 ball pythons
  3 bats
  3 frilled lizards
  6 kobolds
  6 rats
62 creatures vanquished.

Notes
Turn   | Place    | Note
-------+----------+-------------------------------------------
     0 | D:1      | zeram the Kobold Brigand began the quest for the Orb.
     0 | D:1      | Reached XP level 1. HP: 12/12 MP: 1/1
   321 | D:1      | Reached XP level 2. HP: 13/18 MP: 2/2
   602 | D:1      | You fall into a shaft and drop 1 floor!
   889 | D:2      | Reached XP level 3. HP: 21/22 MP: 3/3
   954 | D:2      | Reached skill level 6 in Stealth
  1564 | D:2      | Found a faded altar of an unknown god.
  1689 | D:2      | Reached XP level 4. HP: 27/27 MP: 4/4
  2900 | D:3      | Reached skill level 7 in Stealth
  2900 | D:3      | Reached XP level 5. HP: 32/32 MP: 5/5
  3009 | D:3      | Found a broken altar of Ashenzari.
  3377 | D:4      | Found a shimmering blue altar of Sif Muna.
  3423 | D:4      | Found a runed translucent gate.
  3462 | D:4      | Found a runed translucent gate.
  3463 | D:4      | Found a runed translucent gate.
  3472 | D:4      | Noticed gdog's ghost (weakling GnDe)
  3486 | D:4      | HP: 1/32 [poisoned by a kobold]
  3487 | D:4      | Succumbed to a kobold's poison

Illustrated notes

Levels and vault maps discovered:
D:1:      nzn_arrival_settlement, layout_basic, minivault_27
D:2:      layout_loops_corners, ebering_ecumenical_altar_petrified
D:3:      layout_loops_ring, marbit_many_paths
D:4:      layout_basic, grunt_dithmenos_smoke_and_mirrors, tgw_sif,
          gammafunk_ghost_split, grunt_ministairs_3

Skill      XL: |  1  2  3  4 |
---------------+-------------+-----
Short Blades   | 3 |  3.8
Stealth        | 6 7 |  7.1
Dodging        | 2 |  2.2
Fighting       | 3 |  3.0
Throwing       | |  2.1
Shields        | |  0.2

Action                   |  1- 3 |  4- 6 || total
-------------------------+-------+-------++-------
Melee: Dagger            |    65 |   115 ||   180
Throw: Dart              |       |     6 ||     6
  Use: Scroll            |     4 |     8 ||    12
 Stab: Sleeping          |    17 |    16 ||    33
       Distracted        |       |     1 ||     1
Armor: Robe              |    12 |    15 ||    27
Dodge: Dodged            |    32 |    61 ||    93
Block: Buckler           |     3 |    16 ||    19
